 Dungeon Crawl Stone Soup version 0.29-a0-371-g91724d5b39 (webtiles) character file.

Game seed: 7135177088140187544

60 jlumianski the Skirmisher (level 3, -1/29 HPs)
             Began as a Demonspawn Fighter on May 2, 2022.
             Slain by a gnoll
             ... wielding a +0 halberd
              (5 damage)
             ... on level 2 of the Dungeon.
             The game lasted 00:03:41 (1653 turns).

jlumianski the Skirmisher (Demonspawn Fighter)      Turns: 1653, Time: 00:03:42

Health: -1/29      AC:  6    Str: 18    XL:     3   Next: 82%
Magic:  3/3        EV:  9    Int:  9    God:
Gold:   57         SH:  4    Dex: 12    Spells: 2/2 levels left

rFire   . . .      SeeInvis .   a - +1 war axe
rCold   . . .      Faith    .   c - +0 buckler
rNeg    . . .      Spirit   .   b - +0 scale mail
rPois   .          Reflect  .   (no helmet)
rElec   .          Harm     .   (no cloak)
rCorr   .          Rampage  .   (no gloves)
Will    .....                   (no boots)
Stlth   ..........              (no amulet)
HPRegen 0.09/turn               (no ring)
MPRegen 0.08/turn               (no ring)

@: no status effects
A: powered by death 2
a: no special abilities


You were on level 2 of the Dungeon.
You visited 1 branch of the dungeon, and saw 2 of its levels.

You collected 57 gold pieces.

Inventory:

Hand Weapons
 a - a +1 war axe (weapon)
Missiles
 e - 72 stones (quivered)
Armour
 b - a +0 scale mail (worn)
 c - a +0 buckler (worn)
Scrolls
 h - 2 scrolls of amnesia
Potions
 d - a potion of might
 f - a potion of haste {unknown}


   Skills:
 + Level 3.2 Fighting
 + Level 2.4 Axes
 + Level 0.2 Throwing
 + Level 3.2 Armour
 + Level 3.2 Shields


You had 2 spell levels left.
You didn't know any spells.
Your spell library contained the following spells:

 Spells                   Type           Power      Damage    Failure   Level
 Stone Arrow              Conj/Erth      0%         3d7       99%         3
 Animate Armour           Summ/Erth      0%         N/A       100%        4
 Lehudib's Crystal Spear  Conj/Erth      0%         10d2      100%        8


Dungeon Overview and Level Annotations

Branches:
Dungeon (2/15)

Altars:


Innate Abilities, Weirdness & Mutations

You regenerate health from kills.


Message History

The gnoll is almost dead.
The gnoll hits you but does no damage. The gnoll closely misses you.
You closely miss the gnoll.
The gnoll is almost dead.
The gnoll hits you with a +0 spear.
You hit the gnoll.
You kill the gnoll!
You see here a +0 spear.
You see here a +0 spear.
There is a stone staircase leading down here.
You climb downwards.
There is a stone staircase leading up, spattered with blood here.
The gnoll closely misses you.
You hit the gnoll but do no damage. The gnoll barely misses you.
You hit the gnoll.
The gnoll is moderately wounded.
The gnoll hits you with a +0 halberd.
You barely miss the gnoll.
The gnoll is moderately wounded.
The gnoll closely misses you. The gnoll barely misses you.
You closely miss the gnoll.
The gnoll is moderately wounded.
The gnoll hits you but does no damage.
You barely miss the gnoll.
The gnoll is moderately wounded.
The gnoll hits you with a +0 halberd. The gnoll barely misses you.
You barely miss the gnoll.
The gnoll is moderately wounded.
The gnoll closely misses you.
You closely miss the gnoll.
The gnoll is moderately wounded.
The gnoll hits you with a +0 halberd! x2
* * * LOW HITPOINT WARNING * * *
You hit the gnoll.
The gnoll is moderately wounded.
You block the gnoll's attack.
You hit the gnoll but do no damage.
The gnoll is moderately wounded.
You block the gnoll's attack. The gnoll hits you with a +0 halberd.
You die...

#...#############
#...............#
#...###########.# #...#
######.# #...# #...##.#
####...######...##.#
#..####.........#......[.#
#.......<.............>...
#.#####..@......#.........
#######g...............
...........####....#...
######.....# #........
#............###...
#...........####.#.
#..................
..............###.#.
#.###..#...... #.#.


You could see a gnoll.

Vanquished Creatures
  3 gnolls (D:1)
  A dart slug (D:1)
  3 ball pythons (D:1)
  4 bats (D:1)
  3 endoplasms (D:1)
  2 giant cockroaches (D:1)
  3 goblins
  A hobgoblin (D:1)
  4 kobolds
  A quokka (D:1)
  3 rats
28 creatures vanquished.

Notes
Turn   | Place    | Note
-------+----------+-------------------------------------------
     0 | D:1      | jlumianski the Demonspawn Fighter began the quest for the
                  | Orb.
     0 | D:1      | Reached XP level 1. HP: 18/18 MP: 1/1
   257 | D:1      | Gained mutation: You regenerate a little health from kills.
                  | [demonic ancestry]
   257 | D:1      | Reached XP level 2. HP: 23/24 MP: 2/2
   545 | D:1      | Gained mutation: You regenerate health from kills. [demonic
                  | ancestry]
   545 | D:1      | Reached XP level 3. HP: 15/29 MP: 3/3
   699 | D:1      | Found a faded altar of an unknown god.
  1653 | D:2      | Slain by a gnoll

Illustrated notes

Levels and vault maps discovered:
D:1:      sevenhm_arrival_forest_fort_large_2, layout_loops_ring,
          shapermc_ecumenical_altar_mp_vishouse, chequers_arboretum,
          bh_walls_and_bars
D:2:      layout_loops_ring, uniq_terence

Skill      XL: |  1  2 |
---------------+-------+-----
Armour         | 3 |  3.2
Axes           | 2 |  2.4
Shields        | 3 |  3.2
Fighting       | |  3.2
Throwing       | |  0.2

Action                   || total
-------------------------++-------
Melee: War axe           ||   104
Throw: Stone             ||    11
  Use: Scroll            ||     3
Armor: Scale mail        ||    59
Dodge: Dodged            ||    57
Block: Buckler           ||    29

Table legend: (Time is in decaauts)
 A = Elapsed time spent in this place.
 B = Non-inter-level travel time spent in this place.
 C = Inter-level travel time spent in this place.
 D = Time resting spent in this place.
 E = Time spent auto-exploring this place.
 F = Levels seen in this place.
 G = Mean time per level.
                   A        B        C        D        E       F      G
               +--------+--------+--------+--------+--------+-----+--------+
         Total |   1704 |   1664 |     40 |    396 |    789 |   2 |  852.0 |
       Dungeon |   1704 |   1664 |     40 |    396 |    789 |   2 |  852.0 |
               +--------+--------+--------+--------+--------+-----+--------+

Top non-repeatable levels by time:
     D:1: 1570 daAuts
     D:2: 133 daAuts
